AoeStats
← Lwyyo

Arabia

508887628Analyzed
2v2 RM · 8d ago on Sep 24, 2026· 51m 36s· 4 players
Game mode
Random Map
Map size
Medium (4 player)
Population
200
Speed
Normal
Resources
Standard
Victory
Conquest
Starting age
Dark Age
Ending age
Imperial Age
RankedLock teamsTeams togetherTeam positionsShared explorationLock speedFull tech treeHidden civsTurbo modeCheats
Victory
Defeat
🇨🇳 Danes · China
875
+17
🇨🇳 Khitans · China
852
+18
🇮🇳 Koreans · India
926
-52
🇮🇳 Celts · India
871
-16
Siroy
1:12 Loom
10:26 Feudal Age
11:02 Horse Collar
11:26 Double-Bit Axe
12:57 Gold Mining
14:19 Arson
20:13 Castle Age
19:37 Scale Barding Armor
19:45 Forging
19:38 Scale Mail Armor
20:57 Squires
20:44 Gambesons
21:58 Chain Mail Armor
23:13 Wheelbarrow
23:35 Iron Casting
23:32 Pikeman
24:36 Bow Saw
25:03 Gold Shaft Mining
25:55 Heavy Plow
27:53 Hand Cart
27:48 Town Watch
28:17 Stone Mining
30:58 Hamask
34:01 Stone Shaft Mining
39:26 Imperial Age
39:00 Ballistics
40:41 Conscription
39:54 Northmen's Fury
39:57 Elite Jomsviking
43:40 Blast Furnace
43:11 Plate Mail Armor
42:51 Northmen's Fury
47:34 Town Patrol
Lwyyo
6:26 Loom
13:01 Feudal Age
14:47 Double-Bit Axe
15:06 Domestication
23:03 Castle Age
25:55 Forging
26:23 Scale Mail Armor
26:49 Gambesons
27:07 Stone Mining
27:46 Pastoralism
29:00 Gold Mining
29:54 Wheelbarrow
30:31 Light Cavalry
31:59 Husbandry
33:22 Iron Casting
34:55 Scale Barding Armor
35:07 Chain Mail Armor
35:05 Bow Saw
35:36 Stone Shaft Mining
36:39 Squires
36:13 Pikeman
48:51 Imperial Age
47:31 Chain Barding Armor
50:31 Heavy Camel Rider
50:44 Elite Steppe Lancer
aj153
0:27 Loom
11:54 Feudal Age
17:37 Castle Age
15:36 Double-Bit Axe
21:19 Fletching
24:09 Horse Collar
24:39 Town Watch
28:02 Gold Mining
28:06 Stone Mining
29:12 Forging
29:57 Bodkin Arrow
31:29 Padded Archer Armor
31:55 Scale Barding Armor
36:17 Scale Barding Armor
36:49 Iron Casting
37:26 Ballistics
39:03 Gold Shaft Mining
38:30 Heavy Plow
38:47 Bow Saw
39:00 Chain Barding Armor
38:53 Scale Mail Armor
45:55 Imperial Age
47:55 Blast Furnace
46:53 Capped Ram
48:12 Town Patrol
48:51 Wheelbarrow
47:47 Cavalier
iceSpark5g
14:19 Loom
19:46 Feudal Age
20:11 Double-Bit Axe
20:10 Horse Collar
20:50 Town Watch
26:18 Gold Mining
34:12 Castle Age
32:10 Fletching
32:33 Forging
32:24 Scale Mail Armor
32:52 Scale Barding Armor
34:03 Stone Mining
34:43 Crossbowman
42:42 Bow Saw
42:36 Heavy Plow
Connection lost

Rejoining the realm…

Still unreachable

The connection could not be restored.

Session expired

The server has moved on; the page needs a fresh start.